 Dungeon Crawl Stone Soup version 0.18-a0-987-g0b0e4e7 (webtiles) character file.

146 Jmtri7 the Skirmisher (level 5, -1/48 HPs)
             Began as a Hill Orc Fighter on Jan 3, 2016.
             Was an Initiate of Beogh.
             Killed from afar by Blork the orc (12 damage)
             ... with a wand of flame
             ... on level 4 of the Dungeon.
             The game lasted 00:11:38 (2117 turns).

Jmtri7 the Skirmisher (Hill Orc Fighter)            Turns: 2117, Time: 00:11:38

Health: -1/48      AC:  8    Str: 20    XL:     5   Next: 28%
Magic:  5/5        EV:  7    Int:  8    God:    Beogh [......]
Gold:   207        SH:  9    Dex: 10    Spells: 0 memorised, 4 levels left

rFire  . . .     SeeInvis .     a - +2 war axe
rCold  . . .     Gourm    .     b - +0 scale mail
rNeg   . . .     Faith    +     c - +0 shield
rPois  .         Spirit   .     t - +0 helmet
rElec  .         Dismiss  .     (no cloak)
rCorr  .         Reflect  .     (no gloves)
SustAt .         Harm     .     (no boots)
MR     .....                    n - amulet of faith
Stlth  ..........               (no ring)
                                (no ring)

@: not resistant to hostile enchantments, extremely unstealthy
A: no striking features
a: Renounce Religion


You were on level 4 of the Dungeon.
You worshipped Beogh.
Beogh was noncommittal.
You were not hungry.

You visited 1 branch of the dungeon, and saw 4 of its levels.

You collected 207 gold pieces.

Inventory:

Hand Weapons
 a - a +2 war axe (weapon)
 i - a +1 spear of freezing
 s - a +5 club
Armour
 b - a +0 scale mail (worn)
 c - a +0 shield (worn)
 t - a +0 helmet (worn)
Jewellery
 k - an uncursed amulet of inaccuracy
 n - an amulet of faith (around neck)
Scrolls
 j - 3 scrolls of teleportation
 q - a scroll of recharging
Potions
 d - 2 potions of might
 e - a potion of ambrosia {unknown}
 g - 2 potions of heal wounds {unknown}
 h - a potion of curing {unknown}
 m - a potion of magic {unknown}
 r - a potion of brilliance {unknown}
 u - a potion of degeneration {unknown}
 v - a potion of haste {unknown}
Comestibles
 f - 3 bread rations
 o - a beef jerky
 p - 2 meat rations


   Skills:
 + Level 5.3 Fighting
 - Level 2.6 Axes
 + Level 5.2 Armour
 - Level 3.2 Shields


You had 4 spell levels left.
You didn't know any spells.

Dungeon Overview and Level Annotations

Branches:
Dungeon (4/15)
 Temple: D:4-7

Altars:

Annotations:
D:4 Blork the orc


Message History

Blork the orc drinks a potion.
Blork the orc flickers and vanishes!
Deactivating autopickup; reactivate with Ctrl-A.
You open the door.
You hear a zap.
A puff of flame appears from out of thin air!
The puff of flame hits you!
You hear a zap.
A puff of flame appears from out of thin air!
The puff of flame hits you!
You hear a zap.
A puff of flame appears from out of thin air!
The puff of flame hits you!
A magic dart appears from out of thin air!
The magic dart hits you!
* * * LOW HITPOINT WARNING * * *
You hear a zap.
A puff of flame appears from out of thin air!
The puff of flame hits you!
You die...
Beogh appreciates something's killing of a heretic priest.

###### ######....# #### ######.
.....#....# #..# .......
.....'....# #..# .....
###..#....# #..# ...
####+#....##########'###'###...
.# #.........................
.# #..........@..............
## #..............†.....>....
............................ .
.............................
......#+#######+##.....########
...... #.....# ..... +.....#
#.....# ..##+##


There were no monsters in sight!

Vanquished Creatures
  Ijyb (D:2)
  A worker ant (D:4)
  Robin (D:2)
  An adder (D:2)
  3 worms
  A giant gecko (D:3)
  2 orcs (D:3)
  4 giant cockroaches
  16 goblins
  5 hobgoblins (D:2)
  4 jackals (D:3)
  7 kobolds
  4 bats
  5 giant newts
  7 rats
62 creatures vanquished.

Notes
Turn   | Place    | Note
--------------------------------------------------------------
     0 | D:1      | Jmtri7 the Hill Orc Fighter began the quest for the Orb.
     0 | D:1      | Reached XP level 1. HP: 19/19 MP: 1/1
   208 | D:1      | Reached XP level 2. HP: 22/27 MP: 2/2
   360 | D:1      | Reached skill level 4 in Fighting
   699 | D:2      | Reached XP level 3. HP: 18/33 MP: 3/3
   875 | D:2      | Noticed Robin
   882 | D:2      | Noticed Ijyb
   922 | D:2      | Killed Robin
   961 | D:2      | Killed Ijyb
   961 | D:2      | Reached XP level 4. HP: 2/41 MP: 4/4
  1392 | D:2      | Reached skill level 5 in Fighting
  1693 | D:3      | Reached skill level 5 in Armour
  1798 | D:3      | Reached XP level 5. HP: 48/48 MP: 5/5
  1801 | D:3      | Became a worshipper of Beogh the Brigand
  2108 | D:4      | Noticed Blork the orc
  2117 | D:4      | Killed from afar by Blork the orc

Vault maps used:
D:1:      evilmike_arrival_fibonacci_small, hangedman_decor_points
D:2:      uniq_iyjb, uniq_robin
D:3:      first_bread, kennysheep_generic_room_2
D:4:      zin_purify, uniq_blork_the_orc, uniq_eustachio

Action                   |  1- 3 |  4- 6 || total
-------------------------+-------+-------++-------
Melee: War axe           |    25 |    35 ||    60
       Spear             |    88 |       ||    88
       Club              |     9 |    79 ||    88
Invok: Convert to Beogh  |       |     1 ||     1
  Use: Scroll            |     4 |     7 ||    11
  Eat: Bread ration      |       |     1 ||     1
